AoeStats
← Jan Itor

Arena

509356609Analyzed
4v4 RM · 6d ago on Sep 26, 2026· 71m 46s· 8 players
Game mode
Random Map
Map size
Large (8 player)
Population
200
Speed
Normal
Resources
Standard
Victory
Conquest
Starting age
Dark Age
Ending age
Imperial Age
RankedLock teamsTeams togetherTeam positionsShared explorationLock speedFull tech treeHidden civsTurbo modeCheats
Victory
Defeat
🇹🇼 Persians · Taiwan
1717
+16
🇦🇷 Saxons · Argentina
1710
+16
🇹🇼 Spanish · Taiwan
1662
+18
🇹🇼 Byzantines · Taiwan
1610
+20
🇩🇪 Muisca · Germany
1765
-20
1745
-19
🇯🇵 Magyars · Japan
1683
-17
🇹🇷 Saxons · Türkiye
1631
-14
默默默默默
10:46 Feudal Age
12:04 Double-Bit Axe
14:30 Castle Age
13:30 Horse Collar
13:41 Gold Mining
15:51 Gold Shaft Mining
15:49 Bow Saw
15:33 Town Watch
19:32 Fletching
20:15 Bodkin Arrow
21:15 Loom
21:57 Husbandry
23:41 Wheelbarrow
23:29 Padded Archer Armor
27:33 Bloodlines
31:17 Imperial Age
30:26 Leather Archer Armor
31:39 Thumb Ring
32:42 Crossbowman
33:52 Bracer
34:38 Ballistics
36:16 Chemistry
35:33 Arbalester
36:52 Fortified Wall
39:49 Ring Archer Armor
39:06 Treadmill Crane
39:39 Capped Ram
41:22 Heavy Plow
42:06 Guard Tower
43:47 Keep
42:39 Siege Ram
45:53 Caravan
46:32 Conscription
47:01 Arrowslits
47:28 Masonry
48:33 Two-Man Saw
47:43 Siege Engineers
48:20 Coinage
50:10 Banking
50:18 Crop Rotation
50:12 Scale Mail Armor
50:23 Forging
50:34 Hand Cart
50:02 Pikeman
50:42 Squires
50:13 Man-at-Arms
50:38 Gambesons
50:22 Shield Wall
52:06 Elite Skirmisher
53:52 Two-Man Saw
54:56 Squires
57:53 Chain Mail Armor
58:36 Iron Casting
59:25 Plate Mail Armor
58:21 Pikeman
58:53 Arson
60:10 Hoardings
59:48 Masonry
62:15 Elite Varangian Guard
66:12 Iron Casting
67:10 Architecture
66:22 Halberdier
69:13 Illumination
69:04 Block Printing
69:13 Sanctity
68:25 Shield Wall
Kevin10_7414
3:08 Loom
10:25 Feudal Age
14:15 Castle Age
12:02 Horse Collar
12:46 Double-Bit Axe
15:02 Bow Saw
16:06 Wheelbarrow
28:17 Imperial Age
26:21 Scale Barding Armor
26:09 Loom
27:23 Husbandry
27:33 Devotion
28:08 Chain Barding Armor
27:50 Town Watch
28:18 Gold Mining
28:24 Stone Mining
29:03 Conscription
29:32 Plate Barding Armor
30:04 Forging
30:16 Hand Cart
29:44 Elite War Elephant
31:34 Bloodlines
33:27 Iron Casting
35:56 Caravan
36:44 Guilds
38:50 Coinage
38:42 Faith
42:00 Blast Furnace
40:51 Fletching
41:42 Banking
44:46 Two-Man Saw
45:19 Heavy Plow
46:00 Gold Shaft Mining
46:33 Crop Rotation
47:03 Hoardings
49:15 Masonry
49:26 Ballistics
49:03 Bodkin Arrow
50:11 Chemistry
49:38 Citadels
50:10 Murder Holes
61:12 Cavalier
62:26 Savar
Kevin的下分小幫手
10:44 Feudal Age
14:48 Castle Age
12:44 Double-Bit Axe
13:13 Horse Collar
13:38 Loom
16:03 Bow Saw
22:31 Gold Mining
22:47 Padded Archer Armor
24:50 Wheelbarrow
24:38 Husbandry
26:47 Hand Cart
26:25 Stone Mining
29:38 Bloodlines
30:09 Leather Archer Armor
30:13 Loom
33:21 Imperial Age
31:28 Hand Cart
31:54 Fortified Wall
32:05 Ballistics
31:48 Town Watch
32:35 Fletching
33:56 Thumb Ring
33:25 Elite Skirmisher
34:03 Bodkin Arrow
34:56 Conscription
35:09 Ring Archer Armor
35:41 Chemistry
35:47 Bracer
37:16 Hoardings
39:19 Masonry
39:19 Careening
39:46 Caravan
46:26 Pikeman
47:07 Squires
47:24 Halberdier
48:17 Forging
49:00 Scale Mail Armor
49:35 Iron Casting
51:30 Coinage
51:13 Guilds
54:17 Banking
54:36 Architecture
54:26 Bombard Tower
67:34 Architecture
67:14 Devotion
69:38 Heresy
波斯小象
1:28 Loom
11:18 Feudal Age
15:06 Castle Age
13:12 Horse Collar
13:18 Double-Bit Axe
16:14 Heavy Plow
17:15 Wheelbarrow
17:09 Bow Saw
21:36 Gold Mining
21:43 Stone Mining
26:43 Gold Shaft Mining
25:57 Loom
26:27 Hand Cart
27:45 Stone Shaft Mining
29:41 Imperial Age
27:24 Scale Barding Armor
29:00 Chain Barding Armor
28:51 Forging
29:17 Husbandry
30:51 Conscription
31:16 Plate Barding Armor
31:16 Iron Casting
30:11 Elite Cataphract
32:16 Fletching
33:02 Plate Barding Armor
33:03 Iron Casting
33:31 Chemistry
32:54 Ballistics
33:35 Chemistry
33:03 Conscription
32:42 Elite Skirmisher
33:21 Bodkin Arrow
33:27 Padded Archer Armor
35:13 Two-Man Saw
34:26 Bracer
35:01 Crop Rotation
36:18 Leather Archer Armor
37:12 Logistica
38:03 Squires
38:43 Treadmill Crane
40:50 Hoardings
41:03 Elite Varangian Guard
45:02 Scale Mail Armor
45:38 Ring Archer Armor
47:59 Caravan
48:08 Pikeman
55:37 Chain Mail Armor
55:43 Arson
55:43 Gambesons
62:42 Plate Mail Armor
65:10 Coinage
66:45 Banking
66:26 Guilds
うーぺー
11:12 Feudal Age
14:52 Castle Age
12:59 Double-Bit Axe
13:12 Horse Collar
15:35 Husbandry
16:29 Bloodlines
17:38 Wheelbarrow
18:09 Bow Saw
31:12 Imperial Age
29:33 Fletching
30:34 Bodkin Arrow
31:41 Stone Mining
31:42 Gold Mining
33:06 Ballistics
33:47 Chemistry
34:01 Heavy Cavalry Archer
35:10 Thumb Ring
35:30 Parthian Tactics
35:15 Recurve Bow
36:24 Gold Shaft Mining
36:36 Bracer
36:37 Padded Archer Armor
36:50 Bloodlines
37:22 Masonry
37:17 Siege Engineers
37:21 Scale Barding Armor
37:41 Loom
38:43 Leather Archer Armor
38:46 Hand Cart
39:33 Two-Man Saw
38:34 Heavy Plow
41:00 Elite Magyar Huszar
42:01 Conscription
41:43 Corvinian Army
43:13 Chain Barding Armor
43:24 Ring Archer Armor
43:53 Caravan
45:31 Plate Barding Armor
46:20 Coinage
47:38 Crop Rotation
47:39 Murder Holes
50:04 Banking
59:33 Hoardings
62:26 Pikeman
65:07 Halberdier
66:20 Scale Mail Armor
种田人口才是基本盘
10:06 Feudal Age
10:46 Double-Bit Axe
13:43 Castle Age
11:58 Double-Bit Axe
12:00 Horse Collar
15:07 Bow Saw
19:54 Wheelbarrow
21:56 Bow Saw
23:10 Gold Mining
24:16 Loom
27:07 Imperial Age
25:02 Heavy Plow
25:15 Scale Mail Armor
25:46 Hand Cart
25:27 Pikeman
26:08 Squires
26:26 Chain Mail Armor
26:59 Forging
27:22 Halberdier
28:45 Plate Mail Armor
28:51 Iron Casting
30:18 Onager
31:47 Siege Engineers
31:53 Masonry
33:18 Conscription
34:34 Blast Furnace
33:46 Siege Onager
34:33 Siege Engineers
35:40 Town Watch
35:56 Fletching
36:55 Ballistics
37:35 Chemistry
37:39 Northmen's Fury
38:25 Arson
38:56 Bodkin Arrow
39:01 Murder Holes
39:10 Hamask
42:51 Elite Varangian Guard
43:59 Bracer
54:15 Capped Ram
55:46 Siege Ram
55:51 Light Cavalry
56:41 Bloodlines
56:32 Husbandry
58:03 Scale Barding Armor
60:24 Chain Barding Armor
60:46 Caravan
61:54 Plate Barding Armor
Sekov
10:18 Feudal Age
14:32 Castle Age
12:15 Horse Collar
12:52 Double-Bit Axe
15:26 Bow Saw
15:17 Heavy Plow
19:26 Wheelbarrow
21:47 Hand Cart
23:56 Loom
27:01 Imperial Age
25:58 Fletching
26:37 Ballistics
27:46 Bodkin Arrow
27:58 Thumb Ring
28:25 Padded Archer Armor
29:14 Bracer
30:15 Chemistry
29:26 Masonry
29:35 Bloodlines
29:31 Cranequins
31:20 Conscription
32:13 Heavy Mounted Crossbowman
33:18 Leather Archer Armor
33:35 Architecture
33:49 Siege Engineers
34:54 Ring Archer Armor
34:06 Treadmill Crane
35:52 Scale Mail Armor
35:54 Squires
35:40 Gambesons
36:08 Husbandry
35:46 Onager
36:28 Light Cavalry
38:18 Chain Mail Armor
38:14 Forging
38:27 Elite Skirmisher
41:47 Plate Mail Armor
42:07 Murder Holes
42:25 Guard Tower
42:21 Arrowslits
42:50 Pikeman
44:07 Iron Casting
44:07 Scale Barding Armor
43:52 Capped Ram
45:33 Keep
45:07 Halberdier
48:41 Fortified Wall
49:30 Hoardings
49:56 Arson
53:55 Siege Ram
Jan Itor
11:20 Feudal Age
12:27 Horse Collar
15:22 Castle Age
13:32 Double-Bit Axe
15:10 Town Watch
16:26 Bow Saw
18:04 Fletching
18:59 Bodkin Arrow
24:43 Wheelbarrow
24:12 Heavy Plow
25:09 Padded Archer Armor
26:16 Ballistics
26:57 Loom
29:46 Imperial Age
27:53 Hand Cart
28:58 Scale Mail Armor
29:35 Squires
30:04 Chain Mail Armor
29:59 Elite Temple Guard
31:41 Plate Mail Armor
31:05 Gold Mining
32:56 Forging
35:58 Iron Casting
36:54 Conscription
39:09 Block Printing
40:21 Coinage
40:32 Theocracy
41:59 Banking
42:34 Sanctity
44:21 Redemption
45:45 Illumination
46:28 Fervor
48:14 Bracer
51:35 Treadmill Crane
59:44 Leather Archer Armor
59:50 Champi Runner
61:14 Siege Engineers
62:08 Elite Skirmisher
62:54 Thumb Ring
68:40 Chemistry
67:38 Champi Warrior
Connection lost

Rejoining the realm…

Still unreachable

The connection could not be restored.

Session expired

The server has moved on; the page needs a fresh start.